 Dungeon Crawl Stone Soup version 0.21-a0-39-g28ea6b7 (webtiles) character file.

60 blackwizard the Gusty (level 3, 10/31 HPs)
             Began as a Troll Air Elementalist on May 31, 2017.
             Was an Initiate of Gozag.
             Starved to death
             ... on level 3 of the Dungeon.
             The game lasted 00:10:52 (2312 turns).

blackwizard the Gusty (Troll Air Elementalist)      Turns: 2312, Time: 00:10:53

Health: 10/31      AC:  5    Str: 16    XL:     3   Next: 80%
Magic:  4/4        EV:  7    Int: 12    God:    Gozag
Gold:   231        SH:  6    Dex: 10    Spells: 4/5 levels left

rFire    + . .     SeeInvis .   e - +4 dagger
rCold    . . .     Gourm    +   h - +0 shield
rNeg     . . .     Faith    .   a - +0 robe
rPois    .         Spirit   .   (helmet restricted)
rElec    .         Reflect  .   (no cloak)
rCorr    .         Harm     .   (gloves unavailable)
MR       .....                  (boots unavailable)
Stlth    +.........             (no amulet)
Regen    0.5/turn               m - ring of protection from fire
MPRegen  0.1/turn               (no ring)

@: mildly poisoned (10 -> 10), gold aura, fainting
A: unfitting armour, claws 3, fast metabolism 3, gourmand, regeneration 1,
shaggy fur 1, tough skin 2
a: Potion Petition, Call Merchant, Bribe Branch, Renounce Religion


You were on level 3 of the Dungeon.
You worshipped Gozag.
Gozag was aware of your devotion.
You were fainting.

You visited 1 branch of the dungeon, and saw 3 of its levels.

You collected 264 gold pieces.
You paid 33 gold pieces to Gozag.

Inventory:

Hand Weapons
 e - a +4 dagger (weapon)
 r - a +0 spear
 u - a +0 falchion
 w - a +0 blowgun
Missiles
 g - 46 stones (quivered)
 k - 21 bolts
 t - 6 tomahawks
 x - 13 poisoned needles
Armour
 a - a +0 robe (worn)
 h - a +0 shield (worn)
Jewellery
 m - a ring of protection from fire (left claw)
Scrolls
 c - a scroll of immolation {unknown}
 d - a scroll of fear {unknown}
 i - a scroll of recharging {unknown}
 j - 3 scrolls of random uselessness {unknown}
 n - a scroll of enchant weapon {unknown}
 o - a scroll of amnesia {unknown}
 p - 3 scrolls of remove curse {unknown}
 s - 4 scrolls of identify {unknown}
 v - a scroll of magic mapping {unknown}
Potions
 f - a potion of brilliance {unknown}
 l - 2 potions of mutation {unknown}
 q - 2 potions of haste {unknown}
Books
 b - a book of Air

   Spells                             Type                      Level
   a - Shock                          Conjuration/Air              1
   b - Swiftness                      Charms/Air                   2
   c - Static Discharge               Conjuration/Air              3
   d - Airstrike                      Air                          4
   e - Lightning Bolt                 Conjuration/Air              5


   Skills:
 + Level 0.1 Fighting
 + Level 1.1 Short Blades
 + Level 2.0 Dodging
 + Level 1.1 Stealth
 + Level 0.2 Shields
 + Level 0.2 Unarmed Combat
 + Level 1.5 Spellcasting
 + Level 0.8 Conjurations
 + Level 2.2 Air Magic


You had 4 spell levels left.
You knew the following spells:

 Your Spells              Type           Power        Failure   Level  Hunger
a - Shock                 Conj/Air       #...         69%         1    ##.....


Dungeon Overview and Level Annotations

Branches:
Dungeon (3/15)

Altars:
Gozag
Ru


Innate Abilities, Weirdness & Mutations

You are too large for most types of armour.
You have claws for hands.
Your metabolism is lightning-fast.
You like to eat raw meat.
Your natural rate of healing is unusually fast.
You are covered in fur. (AC +1)
You have very tough skin. (AC +2)


Message History

You miss the adder.
The adder is moderately wounded.
The adder completely misses you.
You hit the adder but do no damage.
The adder is moderately wounded.
You feel sick.
The adder is distracted by the nearby gold.
You miss the adder.
The adder is no longer distracted by gold.
The adder hisses angrily.
The adder is moderately wounded.
You block the adder's attack. x2
You hit the adder.
The adder is heavily wounded.
You feel sick. You block the adder's attack.
You hit the adder.
The adder is severely wounded.
You have starved to death.
You die...
Your body crumbles into a pile of gold.

... #.## #...## ##.....##
###.......# #.$..._....
####### #.#.......#
###.....# ##S##....[##
#.......# #.@# #...##
#.......# #.#####.###
#.......#######.........#
................##.#.##.###
#..##.#.##########....#...
#.....#.# #.......
#.##..#.# #....#.#
........# ### ##....#.#
#.##..######.####.......#


You could see an adder.

Vanquished Creatures
  An adder (D:2)
  A dart slug (D:1)
  2 leopard geckos
  A giant cockroach (D:3)
  5 goblins
  5 hobgoblins
  4 jackals (D:2)
  A quokka (D:3)
  5 bats
  3 frilled lizards
  13 kobolds
  4 rats
45 creatures vanquished.

Notes
Turn   | Place    | Note
-------+----------+-------------------------------------------
     0 | D:1      | blackwizard the Troll Air Elementalist began the quest for the Orb.
     0 | D:1      | Reached XP level 1. HP: 16/16 MP: 1/1
   354 | D:1      | Reached XP level 2. HP: 24/24 MP: 0/3
   881 | D:1      | Paralysed by fainting for 10 turns
  1141 | D:2      | Found an opulent altar of Gozag.
  1165 | D:2      | Became a worshipper of Gozag Ym Sagoz the Greedy
  1426 | D:2      | Reached XP level 3. HP: 21/31 MP: 1/4
  1822 | D:2      | Paralysed by fainting for 7 turns
  1999 | D:3      | Reached skill level 1 in Short Blades
  2267 | D:3      | Found a sacrificial altar of Ru.
  2312 | D:3      | Starved to death

Vault maps used:
D:1:      minmay_arrival_checkered_box, kennysheep_crisscross
D:2:      overflow_temple_1_default
D:3:      tso_altar, lemuel_blue_sif_altar, lemuel_round_altar,
          serial_bayou_pond_e

Skill      XL: |  1  2  3 |
---------------+----------+-----
Dodging        | 2 |  2.0
Short Blades   | 1 |  1.1
Fighting       | |  0.1
Stealth        | |  1.1
Shields        | |  0.2
Unarmed Combat | |  0.2
Spellcasting   | |  1.5
Conjurations   | |  0.8
Air Magic      | |  2.2

Action                   || total
-------------------------++-------
Melee: Dagger            ||   175
       Unarmed           ||     5
 Cast: Shock             ||    11
  Eat: Chunk             ||     3
       Bread ration      ||     2
       Meat ration       ||     1
Armor: Robe              ||   127
Dodge: Dodged            ||    79
Block: Shield            ||    76
